cohdb
Replays
Latest Replays
All Replays
Popular Replays
Top Player Replays
Match Explorer
How It Works
Community
CoH3 Stats
Reddit
Sign in to upload your games and track your stats! →
Sign in with Steam
Match 42901506
Unlisted
Match 42901506
Overview
Messages
Build Orders
End
Construct Infanterie Kompanie
Selects Luftwaffe Battlegroup
Selects Luftwaffe Pioneer Support
Fallschirmpioneer Squad Paradrop
MG 42 Machine Gun Team
MG 42 Machine Gun Team
MG 42 Machine Gun Team
MG 42 Bunker
Selects Stuka Strafing Run
Fallschirmpioneer Squad Paradrop
Stuka Strafing Run
Construct Luftwaffe Kompanie
Support Elements
Fallschirmpioneer Squad Paradrop
Stuka Strafing Run
Wirbelwind Flakpanzer
Luftwaffe Officer Quarters
Stuka Strafing Run
Joraad
LEAGER-_-
Karbonat Erol
Subutai
Tony
minaamiel3
SAJI
Pathfinder
0
0
Comments
sign in to comment!
No comments posted yet!